 Dungeon Crawl Stone Soup version 0.24.0-13-gcf9b3192b9 (webtiles) character file.

Game seed: 11011701831031111923, levelgen mode: deterministic

372 Monsterracer the Ruffian (level 6, -15/52 HPs)
             Began as a Ghoul Venom Mage on Nov 7, 2019.
             Was a Believer of Ru.
             Demolished by an ogre
             ... wielding a cursed -2 giant spiked club
              (21 damage)
             ... on level 4 of the Dungeon.
             The game lasted 00:04:08 (4045 turns).

Monsterracer the Ruffian (Ghoul Venom Mage)         Turns: 4045, Time: 00:04:08

Health: -15/52     AC:  9    Str: 14    XL:     6   Next: 71%
Magic:  7/7        EV:  6    Int: 10    God:    Ru [**....]
Gold:   127        SH:  0    Dex:  9    Spells: 8/8 levels left

rFire    . . .     SeeInvis .     - Unarmed
rCold    + . .     Gourm    .   (no shield)
rNeg     + + +     Faith    .   b - +0 chain mail {rPois}
rPois    ∞         Spirit   .   (no helmet)
rElec    .         Reflect  .   (no cloak)
rCorr    .         Harm     .   (no gloves)
MR       .....                  a - +0 pair of boots
Stlth    ..........             (no amulet)
HPRegen  0.00/turn              (no ring)
MPRegen  0.10/turn              (no ring)

@: rotting
A: rotting body, claws 1, carnivore, cold resistance 1, negative energy
resistance 3, inhibited regeneration, torment resistance, unbreathing, inability
to use devices
a: Renounce Religion


You were on level 4 of the Dungeon.
You worshipped Ru.
Ru was pleased with you.
You were not hungry.

You visited 1 branch of the dungeon, and saw 4 of its levels.

You collected 127 gold pieces.

Inventory:

Armour
 a - a +0 pair of boots (worn)
   (You found it on level 3 of the Dungeon)
 b - a +0 chain mail of poison resistance (worn)
   (You took it off an orc on level 3 of the Dungeon)
Scrolls
 t - a scroll of teleportation {!r}
Potions
 d - a potion of heal wounds
 e - a potion of flight {unknown}
 h - a potion of haste
Comestibles
 c - 3 rations
 f - 2 chunks of flesh


   Skills:
 + Level 3.8 Fighting
 - Level 1.7 Dodging
 - Level 2.1 Stealth
 * Level 5.8 Unarmed Combat
 - Level 1.7 Spellcasting
   Level 0.7 Conjurations
   Level 3.0 Poison Magic


You had 8 spell levels left.
You didn't know any spells.
Your spell library contained the following spells:

 Spells                   Type           Power        Failure   Level  Hunger
 Sting                    Conj/Pois      #...         99%         1    ##.....
 Poisonous Vapours        Pois/Air       #.....       100%        2    ###....
 Mephitic Cloud           Conj/Pois/Air  #.......     100%        3    ####...
 Olgreb's Toxic Radiance  Pois           #.......     100%        4    #####..
 Venom Bolt               Conj/Pois      #.........   100%        5    ######.


Dungeon Overview and Level Annotations

Branches:
Dungeon (4/15)
 Temple: D:4-7

Altars:
Dithmenos
Hepliaklqana
Makhleb
Ru
Sif Muna
Vehumet
Zin

Annotations:
D:4 2 transporters, Esekla's ghost, novice FoEn


Innate Abilities, Weirdness & Mutations

Your body is rotting away.
You thrive on raw meat.
You are immune to poison.
You have sharp fingernails.
You are carnivorous and can eat meat at any time.
Your flesh is cold resistant. (rC+)
You are immune to negative energy. (rN+++)
You do not regenerate when monsters are visible.
You are immune to unholy pain and torment.
You can survive without breathing.
You cannot study or use magical devices.


Message History

The hound is heavily wounded.
The hound bites you but does no damage.
You closely miss the hound.
The hound is heavily wounded.
The hound barely misses you. x2
There are monsters nearby!
There are monsters nearby!
You claw the hound!
You kill the hound!
The adder bites you but does no damage.
You closely miss the adder. The adder bites you but does no damage.
You barely miss the adder. The adder bites you but does no damage.
You claw the adder!
The adder is almost dead.
The adder bites you but does no damage.
You miss the adder.
The adder is almost dead.
The adder bites you but does no damage.
Your chain mail prevents you from hitting the adder.
The adder is almost dead.
The adder bites you. The adder barely misses you.
You scratch the adder but do no damage.
The adder is almost dead.
The adder barely misses you.
You barely miss the adder.
The adder is almost dead.
The adder closely misses you.
You claw the adder!
You kill the adder!
No reachable target in view!
Esekla's ghost laughs, "And you think you're capable of finding the ORB?
I had it, you know.
Then I gave it away so I could steal it AGAIN."
Key pressed, stopping explore.
No reachable target in view!
No reachable target in view!
No reachable target in view!
No reachable target in view!
No reachable target in view!
You see here a hound corpse.
There isn't anything here!
Okay, then.
You see here a hound corpse.
You butcher the hound corpse.
f - 3 chunks of flesh You see here a hound skeleton.
Eat one of 3 chunks of flesh? (ye/n/q)
You eat one of the 3 chunks of flesh.
This raw flesh tastes great!
You see here a +2 trident of venom.
Found 20 bolts.
Found a stone staircase leading up.
No target in view!
No target in view!
No target in view!
No target in view!
No target in view!
There is a stone staircase leading up here.
Esekla's ghost says, "You will join me soon!"
Esekla's ghost says very slowly, "There's no hope."
Key pressed, stopping explore.
No reachable target in view!
No reachable target in view!
No reachable target in view!
No reachable target in view!
No reachable target in view!
c - 3 rations (gained 1)
You see here a glaive.
An ogre comes into view. It is wielding a -2 giant spiked club.
You barely miss the ogre. You claw the ogre!
The ogre is moderately wounded.
The ogre hits you with a cursed -2 giant spiked club!
You claw the ogre!
The ogre is severely wounded.
You barely miss the ogre.
The ogre is severely wounded.
The ogre hits you with a cursed -2 giant spiked club!!
* * * LOW HITPOINT WARNING * * *
You are too injured to fight recklessly!
You are too injured to fight recklessly!
You aren't carrying any items that you can evoke.
You scratch the ogre but do no damage.
The ogre is severely wounded.
The ogre is stunned by your will and fails to attack.
You completely miss the ogre.
The ogre is severely wounded.
The ogre hits you with a cursed -2 giant spiked club!
* * * LOW HITPOINT WARNING * * *
Unknown command.
You scratch the ogre.
The ogre is severely wounded.
You scratch the ogre.
The ogre is severely wounded.
The ogre hits you with a cursed -2 giant spiked club.
* * * LOW HITPOINT WARNING * * *
You focus your will and illuminate the ogre in retribution!
You scratch the ogre but do no damage.
The ogre is severely wounded.
The ogre stops glowing.
You scratch the ogre.
The ogre is almost dead.
The ogre hits you with a cursed -2 giant spiked club!!
You die...

##..### #..#
#..# ##..#
....########
##.........#
#### #..######.#
..# #..#### #.#
#O# #.....#
#.#####@##
#)###(#
#.##.....# #.#
#.###.##.###..#
##.# #.##.#.#)##
#.#
##÷###...###...#
..#
........#.#.####
..# #####......#
.# ...W##.#####
.# .#.g8#.#


You could see an ogre.

Vanquished Creatures
  An orc priest (D:3)
  A hound (D:4)
  An orc wizard (D:3)
  Jessica (D:3)
  Terence (D:2)
  2 worker ants (D:3)
  A hound skeleton (D:4)
  7 gnolls (D:2 D:1 D:4)
  2 adders (D:2 D:4)
  An ooze (D:3)
  4 dart slugs (D:1 D:2 D:3)
  3 leopard geckos (D:2 D:3)
  7 orcs (D:3 D:4)
  5 bats (D:1 D:3)
  6 giant cockroaches (D:1 D:2 D:3)
  11 goblins (D:1 D:2 D:3)
  6 hobgoblins (D:1 D:2 D:3)
  3 jackals (D:1)
  5 kobolds (D:1 D:2 D:3)
  2 frilled lizards (D:1)
  A quokka skeleton (D:4)
  8 rats (D:1 D:2 D:3)
79 creatures vanquished.

Notes
Turn   | Place    | Note
-------+----------+-------------------------------------------
     0 | D:1      | Monsterracer the Ghoul Venom Mage began the quest for the
                  | Orb.
     0 | D:1      | Reached XP level 1. HP: 14/14 MP: 2/2
    60 | D:1      | Reached skill level 1 in Unarmed Combat
    94 | D:1      | Reached XP level 2. HP: 20/22 MP: 3/3
   108 | D:1      | Reached skill level 1 in Fighting
   496 | D:1      | Reached skill level 2 in Unarmed Combat
   892 | D:1      | Reached XP level 3. HP: 20/28 MP: 4/4
  1179 | D:2      | Found a hazy altar of Hepliaklqana.
  1179 | D:2      | Found a sacrificial altar of Ru.
  1180 | D:2      | Found a shadowy altar of Dithmenos.
  1195 | D:2      | Found a radiant altar of Vehumet.
  1217 | D:2      | Became a worshipper of Ru the Awakened
  1229 | D:2      | Noticed Terence
  1238 | D:2      | HP: 11/28 [Terence/+2 short sword of draining (7)]
  1239 | D:2      | Killed Terence
  1239 | D:2      | Reached skill level 3 in Unarmed Combat
  1356 | D:2      | Found a burning altar of Makhleb.
  1358 | D:2      | Noticed a balrug
  1361 | D:2      | Found a glowing silver altar of Zin.
  1361 | D:2      | Noticed an angel
  1392 | D:2      | Reached XP level 4. HP: 29/36 MP: 5/5
  1963 | D:2      | HP: 14/36 [gnoll/+0 spear (6)]
  1977 | D:2      | HP: 11/36 [gnoll/+0 spear (3)]
  1986 | D:2      | HP: 17/36 [gnoll (3)]
  2015 | D:2      | HP: 9/36 [gnoll/+0 club (1)]
  2019 | D:1      | HP: 4/36 [gnoll/+0 club (5)]
  2023 | D:1      | HP: 1/36 [gnoll/+0 club (3)]
  2094 | D:1      | HP: 14/37 [gnoll (5)]
  2606 | D:3      | Reached skill level 4 in Unarmed Combat
  2606 | D:3      | Reached XP level 5. HP: 42/42 MP: 6/6
  2896 | D:3      | HP: 18/41 [orc wizard/puff of flame (3)]
  2909 | D:3      | HP: 16/43 [orc (2)]
  2917 | D:3      | HP: 15/43 [orc/+0 club (1)]
  3147 | D:3      | Reached XP level 6. HP: 49/51 MP: 7/7
  3165 | D:3      | Gained mutation: You cannot study or use magical devices.
                  | [Ru sacrifice]
  3165 | D:3      | Reached * piety under Ru
  3165 | D:3      | Reached ** piety under Ru
  3190 | D:3      | Reached skill level 5 in Unarmed Combat
  3575 | D:3      | Noticed Jessica
  3625 | D:3      | Killed Jessica
  3632 | D:3      | Found a shimmering blue altar of Sif Muna.
  3819 | D:4      | Found a transporter.
  3819 | D:4      | Noticed Esekla's ghost (novice FoEn)
  3828 | D:4      | HP: 25/51 [gnoll/+0 spear (7)]
  3834 | D:4      | HP: 23/51 [gnoll/+0 spear (2)]
  3840 | D:4      | HP: 13/51 [gnoll/+0 spear (3)]
  3845 | D:4      | HP: 22/51 [gnoll/+0 spear (4)]
  3891 | D:4      | Found a transporter.
  4039 | D:4      | HP: 17/52 [ogre/cursed -2 giant spiked club (22)]
  4043 | D:4      | HP: 6/52 [ogre/cursed -2 giant spiked club (3)]
  4045 | D:4      | Demolished by an ogre

Levels and vault maps discovered:
D:1:      dpeg_arrival_tiny_a, layout_loops_cross
D:2:      layout_loops_ring, grunt_temple_overflow_order_and_chaos_2,
          nicolae_overflow_quartered_altars, first_ration,
          minmay_misc_feat_roman, minmay_misc_feat_alley, uniq_terence
D:3:      layout_loops_corners, tgw_sif
D:4:      layout_loops_ring, minmay_temple_entry_arrows, gammafunk_ghost_arena,
          cheibrodos_gnoll_hut

Skill      XL: |  1  2  3  4  5  6 |
---------------+-------------------+-----
Unarmed Combat | 1 2 3 4 5 |  5.8
Fighting       | 1 2 3 |  3.8
Dodging        | |  1.7
Stealth        | |  2.1
Spellcasting   | |  1.7
Conjurations   | |  0.7
Poison Magic   | |  3.0

Action                   |  1- 3 |  4- 6 || total
-------------------------+-------+-------++-------
Melee: Unarmed           |   140 |   274 ||   414
       Punch             |     1 |     1 ||     2
Invok: Sacrifice Artific |       |     1 ||     1
  Use: Scroll            |       |     8 ||     8
       Potion            |       |     5 ||     5
 Stab: Sleeping          |     3 |       ||     3
  Eat: Chunk             |    10 |    25 ||    35
       Ration            |       |     1 ||     1
Armor: Robe              |    22 |       ||    22
       Scale mail        |     6 |    62 ||    68
       Chain mail        |       |    55 ||    55
Dodge: Dodged            |    81 |    93 ||   174
